 Dungeon Crawl Stone Soup version 0.27.0-1-g7a089689b8 (webtiles) character file.

Game seed: 715560239787060451

13058 snetch the Fighter (level 11, -4/102 HPs)
             Began as a Minotaur Berserker on Aug 3, 2021.
             Was a High Priest of Trog.
             Killed from afar by a smoke demon (21 damage)
             ... with a ball of steam
             ... on level 1 of the Abyss.
             The game lasted 00:44:18 (10645 turns).

snetch the Fighter (Minotaur Berserker)            Turns: 10645, Time: 00:44:19

Health: -4/102     AC: 24    Str: 31    XL:     11   Next: 70%
Magic:  3/3        EV:  9    Int:  4    God:    Trog [*****.]
Gold:   627        SH:  4    Dex:  8    Spells: 10/10 levels left

rFire    . . .     SeeInvis .   a - +5 demon whip "Spellbinder" {antimagic, Will+}
rCold    . . .     Faith    .   B - +0 buckler
rNeg     . . .     Spirit   .   o - +0 plate armour
rPois    .         Reflect  .   (helmet restricted)
rElec    .         Harm     .   y - +1 cloak {rCorr}
rCorr    +         Rampage  .   H - +0 pair of gloves
Will     +++..                  m - +0 pair of boots
Stlth    ..........             t - amulet of the acrobat
HPRegen  1.27/turn              f - +4 ring of protection
MPRegen  0.08/turn              w - +6 ring of strength

@: strong-willed, regenerating
A: horns 2, retaliatory headbutt, [clumsy 1]
a: Renounce Religion, Berserk, Trog's Hand, Brothers in Arms


You were on level 1 of the Abyss.
You worshipped Trog.
Trog was extremely pleased with you.
You visited 2 branches of the dungeon, and saw 12 of its levels.
You visited the Abyss 1 time.
You also visited: Bailey.

You collected 627 gold pieces.

Inventory:

Hand Weapons
 a - the +5 demon whip "Spellbinder" (weapon) {antimagic, Will+}
   (You found it on level 4 of the Dungeon)

   It reduces the magical energy of the wielder, and disrupts the spells and
   magical abilities of those it strikes.
   Natural abilities and divine invocations are not affected.
   It unleashes wild and unpredictable magical effects upon striking a wizard or
   a creature with magical abilities.
   Will:      It increases your willpower.
 b - a +0 trident
 d - a +0 war axe
 g - a +0 bardiche
Missiles
 e - 101 poisoned darts (quivered)
 v - 11 boomerangs
 D - 8 datura-tipped darts
 E - 4 atropa-tipped darts
 L - 3 javelins
 P - 320 stones
 T - 18 boomerangs of dispersal
 V - 15 curare-tipped darts
 X - 4 throwing nets
Armour
 c - +0 acid dragon scales
 m - a +0 pair of boots (worn)
 o - a +0 plate armour (worn)
 r - a +3 scale mail
 y - a +1 cloak of preservation (worn)
 B - a +0 buckler (worn)
 H - a +0 pair of gloves (worn)
 K - a scarf of shadows
 M - +0 steam dragon scales
 U - +0 ice dragon scales
Jewellery
 f - a +4 ring of protection (left hand)
 n - a +4 ring of protection
 p - a ring of protection from cold
 t - an amulet of the acrobat (around neck)
 w - a +6 ring of strength (right hand)
Wands
 G - a wand of flame (33)
 N - a wand of iceblast (15)
 S - a wand of acid (9)
 Y - a wand of mindburst (30)
 Z - a wand of digging (11)
Scrolls
 i - 2 scrolls of enchant armour
 q - 4 scrolls of immolation {unknown}
 x - 2 scrolls of noise {unknown}
 A - a scroll of silence
 C - a scroll of fog
 F - a scroll of brand weapon
 I - 5 scrolls of teleportation {unknown}
 J - 2 scrolls of magic mapping {unknown}
 Q - 2 scrolls of torment {unknown}
 R - 2 scrolls of summoning {unknown}
Potions
 h - 2 potions of might
 j - 4 potions of attraction {unknown}
 k - 2 potions of ambrosia
 l - a potion of invisibility
 s - 2 potions of lignification {unknown}
 u - 2 potions of berserk rage
 z - 2 potions of mutation {unknown}
 O - 2 potions of curing {unknown}
 W - a potion of cancellation


   Skills:
 + Level 11.0 Fighting
 + Level 9.2(11.5) Axes
 - Level 10.6(12.0) Maces & Flails
 + Level 3.9(7.1) Polearms
 - Level 6.0 Throwing
 + Level 10.7 Armour
 + Level 4.0 Dodging
 + Level 1.4 Stealth
 - Level 4.0 Shields


You had 10 spell levels left.
You didn't know any spells.
Your spell library contained the following spells:

 Spells                   Type           Power      Damage    Failure   Level
 Apportation              Tloc           0%         N/A       98%         1
 Static Discharge         Conj/Air       0%         N/A       99%         2
 Portal Projectile        Hex/Tloc       0%         N/A       100%        3
 Dispel Undead            Necr           0%         3d6       100%        4
 Sticky Flame             Conj/Fire      0%         2d3       100%        4
 Alistair's Intoxication  Tmut/Pois      0%         N/A       100%        5
 Blade Hands              Tmut           0%         N/A       100%        5
 Excruciating Wounds      Necr           0%         N/A       100%        5
 Invisibility             Hex            0%         N/A       100%        6


Dungeon Overview and Level Annotations

Branches:
Dungeon (11/15)            Temple (1/1) D:5            Lair (0/6) D:10
    Orc (0/2) D:9          Bailey (visited)

Altars:
Kikubaaqudgha
Makhleb
Wu Jian
Yredelemnul
Beogh

Shops:
D:3 [

Annotations:
D:5 water
D:11 Erolcha


Innate Abilities, Weirdness & Mutations

You have a pair of horns on your head.
You reflexively headbutt those who attack you in melee.
[You are clumsy. (Dex -2)]


Message History

You whack the thrashing horror!
The thrashing horror is moderately damaged.
The thrashing horror tramples you but does no damage.
The thrashing horror barely misses you.
You hit the thrashing horror.
The thrashing horror is moderately damaged.
The thrashing horror tramples you but does no damage.
You block the thrashing horror's attack.
A smoke demon comes into view.
A hellwing comes into view.
The thrashing horror roars!
The hellwing gives a chilling moan.
You hear a roar!
The thrashing horror completely misses you.
The thrashing horror misses you.
The thrashing horror tramples you but does no damage.
The thrashing horror misses you.
A smoke demon comes into view.
You thrash the thrashing horror!!
Your headbutt misses the thrashing horror.
The thrashing horror is severely damaged.
The thrashing horror churns violently!
The thrashing horror seems to grow stronger.
You completely miss the thrashing horror.
You headbutt the thrashing horror, but do no damage.
The thrashing horror is severely damaged.
The thrashing horror tramples you!
* * * LOW HITPOINT WARNING * * *
You hold your ground!
The thrashing horror tramples you but does no damage.
You thrash the thrashing horror!!
You destroy the thrashing horror!
Trog accepts your kill.
You feel the corruption within you wane somewhat.
You feel agile.
Your Fighting skill increases to level 11!
Your Dodging skill increases to level 4!
Your skin crawls.
You feel strong-willed. The smoke demon gestures at you.
The ball of steam hits you!!
You die...

### ... .## #.. .#
. #.### #.# .# .
#..#####..#.. .
...####..#..... #.
........†....≈≈≈..
.
.......@....)≈≈≈...
.#.....#§..##≈≈≈#.
# ##...# #§.# ≈≈≈#
#.... #..... ≈..
...>...
..34.≈♣..... .....
.....#≈≈≈## .
...... ... #3≈.# #
.#.....#...≈≈≈... .
.. ##.. ≈...


There were no monsters in sight!

Vanquished Creatures
  Harold (D:7)
  A two-headed ogre (D:6)
  A thrashing horror (Abyss:1)
  A wretched star (Abyss:1)
  2 orc knights (Bailey)
  The ghost of Gorgoleon the Covert, a novice SpEn of Nemelex Xobeh (D:7)
  A cyclops (D:8)
  A kobold demonologist (Abyss:1)
  A gargoyle (D:8)
  The ghost of mainiacjoe the Covert, an amateur NaDe of Lugonu (D:6)
  A meliai (D:8)
  3 raiju (Abyss:1)
  A shadow (D:10)
  3 wraiths
  Sigmund (D:3)
  A tarantella (shapeshifter) (D:8)
  A wyvern (D:9)
  2 steam dragons
  Menkaure (D:4)
  3 wargs (D:10)
  A water moccasin (D:6)
  3 acid dragons
  3 hell hounds (Abyss:1)
  8 orc warriors
  2 black bears
  4 sky beasts
  5 centaurs
  3 ogres
  13 kobold brigands
  A bullfrog (D:8)
  2 scorpions
  2 water moccasin zombies
  3 killer bees (D:7)
  3 howler monkeys
  2 bullfrog zombies
  A centaur zombie (D:8)
  4 hounds
  Crazy Yiuf (D:3)
  8 orc priests
  2 jellies
  A bullfrog skeleton (D:5)
  2 gnoll shamans
  3 iguanas
  13 orc wizards
  A hound zombie (D:4)
  2 howler monkey zombies
  11 adders
  17 gnolls
  2 shadow imps
  A white imp (Abyss:1)
  2 ufetubi
  2 adder skeletons
  A worm (D:3)
  2 dart slugs (D:2)
  40 orcs
  4 bats
  A bat skeleton (D:2)
  9 endoplasms
  A giant cockroach (D:1)
  7 goblins
  8 hobgoblins
  10 jackals
  16 kobolds
  10 quokkas
  6 ball pythons
  A ball python zombie (D:2)
  2 frilled lizards
  A giant cockroach zombie (D:2)
  A quokka skeleton (D:2)
  6 rats
282 creatures vanquished.

Vanquished Creatures (others)
  2 fungi (D:6)
  4 plants
  3 withered plants (D:2)
9 creatures vanquished.

Grand Total: 291 creatures vanquished

Notes
Turn   | Place    | Note
-------+----------+-------------------------------------------
     0 | D:1      | snetch the Minotaur Berserker began the quest for the Orb.
     0 | D:1      | Reached XP level 1. HP: 19/19 MP: 0/0
   151 | D:2      | Reached XP level 2. HP: 27/27 MP: 1/1
   153 | D:2      | Noticed an ogre
   159 | D:2      | Killed an ogre
   160 | D:2      | Reached skill level 4 in Fighting
   160 | D:2      | Reached XP level 3. HP: 34/34 MP: 2/2
   160 | D:2      | Reached XP level 4. HP: 41/41 MP: 3/3
   343 | D:1      | Reached skill level 5 in Axes
   348 | D:1      | Found a faded altar of an unknown god.
  1397 | D:2      | Reached ** piety under Trog
  1405 | D:2      | Reached XP level 5. HP: 41/47 MP: 4/4
  1744 | D:2      | Reached skill level 5 in Fighting
  2111 | D:3      | Noticed Sigmund
  2123 | D:3      | Killed Sigmund
  2124 | D:3      | Reached XP level 6. HP: 56/56 MP: 5/5
  2482 | D:3      | Noticed a sky beast
  2488 | D:3      | Killed a sky beast
  2659 | D:3      | Found Qoequkla's Armour Shoppe.
  2682 | D:3      | Reached XP level 7. HP: 62/62 MP: 6/6
  2682 | D:3      | Reached *** piety under Trog
  2766 | D:3      | Found a runed translucent door.
  2767 | D:3      | Noticed Crazy Yiuf
  2775 | D:3      | Killed Crazy Yiuf
  3401 | D:4      | Found a transporter.
  3406 | D:4      | Found a transporter.
  3419 | D:4      | Found an ancient bone altar of Kikubaaqudgha.
  3421 | D:4      | Found the +5 demon whip "Spellbinder" {antimagic, Will+}
  3430 | D:4      | Noticed Menkaure
  3441 | D:4      | Found a basalt altar of Yredelemnul.
  3489 | D:4      | Reached skill level 1 in Stealth
  3489 | D:4      | Killed Menkaure
  3490 | D:4      | Reached skill level 6 in Fighting
  3734 | D:5      | Entered Level 5 of the Dungeon
  4079 | D:5      | Reached skill level 1 in Maces & Flails
  4079 | D:5      | Reached XP level 8. HP: 70/70 MP: 2/7
  4148 | D:5      | Found a staircase to the Ecumenical Temple.
  4247 | Temple   | Entered the Ecumenical Temple
  4353 | D:6      | Reached **** piety under Trog
  4448 | D:5      | Reached skill level 5 in Armour
  4777 | D:5      | Reached skill level 1 in Shields
  4860 | D:6      | Noticed a two-headed ogre
  4870 | D:6      | Reached skill level 5 in Maces & Flails
  4874 | D:6      | Killed a two-headed ogre
  4875 | D:6      | Reached skill level 7 in Fighting
  4875 | D:6      | Reached XP level 9. HP: 21/79 MP: 2/8
  5249 | D:6      | Found a runed translucent gate.
  5249 | D:6      | Found a runed translucent gate.
  5249 | D:6      | Found a runed translucent gate.
  5307 | D:6      | Noticed mainiacjoe's ghost (amateur NaDe)
  6065 | D:6      | Reached skill level 8 in Fighting
  6074 | D:6      | Reached skill level 1 in Throwing
  6117 | D:6      | Killed mainiacjoe's ghost
  6490 | D:7      | Reached XP level 10. HP: 90/90 MP: 3/9
  6543 | D:7      | Reached ***** piety under Trog
  6670 | D:8      | Noticed a gargoyle
  6683 | D:8      | Killed a gargoyle
  6724 | D:8      | Found a flagged portal.
  6761 | Bailey   | Entered a bailey
  7046 | Bailey   | Noticed an orc knight
  7046 | Bailey   | Noticed an orc knight
  7108 | Bailey   | Reached skill level 1 in Polearms
  7128 | Bailey   | Killed an orc knight
  7136 | Bailey   | Killed an orc knight
  7594 | D:8      | Reached skill level 9 in Fighting
  7717 | D:7      | Found a runed translucent gate.
  7717 | D:7      | Found a runed translucent gate.
  7717 | D:7      | Found a runed translucent gate.
  7721 | D:7      | Noticed Gorgoleon's ghost (novice SpEn)
  7730 | D:7      | Killed Gorgoleon's ghost
  7731 | D:7      | Reached skill level 5 in Throwing
  7776 | D:7      | Noticed Harold
  7786 | D:7      | Killed Harold
  8281 | D:8      | Noticed a cyclops
  8288 | D:8      | Killed a cyclops
  8289 | D:8      | Reached skill level 10 in Maces & Flails
  8289 | D:8      | Reached XP level 11. HP: 97/97 MP: 3/10
  8526 | D:8      | Noticed a harpy
  8526 | D:8      | a harpy changed into a tarantella
  9474 | D:9      | Found a staircase to the Orcish Mines.
  9878 | D:10     | Entered Level 10 of the Dungeon
  9894 | D:10     | Found a staircase to the Lair.
  9916 | D:10     | Reached skill level 10 in Fighting
 10418 | D:11     | Noticed Erolcha
 10418 | D:11     | Noticed a two-headed ogre
 10419 | D:11     | Cast into level 1 of the Abyss (Erolcha)
 10611 | Abyss:1  | Noticed a wretched star
 10621 | Abyss:1  | Reached skill level 10 in Armour
 10628 | Abyss:1  | Noticed a thrashing horror
 10632 | Abyss:1  | Killed a wretched star
 10644 | Abyss:1  | Killed a thrashing horror
 10645 | Abyss:1  | Reached skill level 11 in Fighting
 10645 | Abyss:1  | Killed from afar by a smoke demon

Illustrated notes

Levels and vault maps discovered:
D:1:      minmay_arrival_shattered_statue, layout_loops_corners,
          dreamdust_ecumenical_altar_angels_and_demons
D:2:      minmay_razor_zed, layout_loops_ring, serial_undead, serial_undead_b,
          serial_undead_d, serial_undead_f, serial_undead_d
D:3:      layout_basic, serial_shops, nicolae_diamond_shop, grunt_ministairs_12,
          kennysheep_generic_room_7, uniq_sigmund, uniq_crazy_yiuf_cottage
D:4:      layout_loops_ring, gammafunk_temple_of_torment
D:5:      layout_rooms, minmay_temple_entry_overgrown,
          kennysheep_opposing_triangles
D:6:      layout_cave_pods, gammafunk_ghost_nasty_kobolds,
          hangedman_abyss_or_decor_lesser_grid, kennysheep_generic_room_10
D:7:      layout_basic, ebering_ghost_rock_garden, uniq_harold
D:8:      wad_arrow_thing, layout_basic, enter_bailey_3,
          chequers_serial_rivers_small_a, minmay_unpleasant_kobolds
D:9:      layout_loops_ring, minmay_orc_entry_temple_small
D:10:     layout_basic, erik_lair_orcish_takeover
D:11:     layout_loops_ring, serial_shops, bzr_firewalk,
          biasface_ghost_orc_armoury, chequers_serial_rivers_micro_c,
          uniq_erolcha
Temple:   regret_index_temple_chain_breaker
Abyss:1:  base:
Temple

Skill      XL: |  1  2  3  4  5  6  7  8  9 10 11 |
---------------+----------------------------------+-----
Axes           | 4 5 6 7 9 |  9.2
Fighting       | 4 5 6 7 8 9 11 | 11.0
Armour         | 3 4 6 7 8 10 | 10.7
Dodging        | 3 4 |  4.0
Stealth        | 1 |  1.4
Maces & Flails | 1 6 8 10 | 10.6
Shields        | 1 2 3 4 |  4.0
Throwing       | 2 6 |  6.0
Polearms       | 3 |  3.9

Action                   |  1- 3 |  4- 6 |  7- 9 | 10-12 || total
-------------------------+-------+-------+-------+-------++-------
Melee: Hand axe          |    17 |   149 |    56 |       ||   222
       Headbutt          |     2 |    25 |    52 |    66 ||   145
       Demon whip        |       |       |   143 |   272 ||   415
       Trident           |       |       |       |    80 ||    80
Throw: Dart              |       |       |    18 |    49 ||    67
Invok: Berserk           |     1 |     1 |     3 |     2 ||     7
       Trog's Hand       |       |     1 |     1 |     2 ||     4
  Use: Scroll            |       |       |       |    11 ||    11
       Potion            |       |       |       |     1 ||     1
 Stab: Sleeping          |       |     1 |       |       ||     1
Armor: Animal skin       |     4 |     9 |       |       ||    13
       Scale mail        |       |    65 |     2 |       ||    67
       Chain mail        |       |       |    95 |     5 ||   100
       Plate armour      |       |       |       |   124 ||   124
Dodge: Dodged            |    11 |    96 |   147 |   158 ||   412
Block: Buckler           |       |       |    18 |    58 ||    76
